 Dungeon Crawl Stone Soup version 0.31.0-9-g3a7656b989 (webtiles) character file.

Game seed: 5982139256327957604

29 qw the Shooter (level 3, 0/20 HPs)
             Began as a Deep Elf Hunter on Feb 2, 2024.
             Succumbed to an adder's poison
             ... on level 2 of the Dungeon.
             The game lasted 00:00:03 (811 turns).

qw the Shooter (Deep Elf Hunter)                     Turns: 811, Time: 00:00:03

Health: 0/20       AC:  7    Str: 10    XL:     3   Next: 1%
Magic:  5/5        EV:  9    Int: 13    God:
Gold:   61         SH:  0    Dex: 18    Spells: 2/2 levels left

rFire   . . .        a - +0 shortbow
rCold   . . .        (shield currently unavailable)
rNeg    . . .        e - +0 scale mail
rPois   .            (no helmet)
rElec   .            (no cloak)
rCorr   .            k - +0 pair of gloves
SInv    .            (no boots)
Will    +....        (no amulet)
Stlth   +            h - ring of willpower
HPRegen 0.23/turn    (no ring)
MPRegen 0.09/turn

%: no passive effects
@: lethally poisoned (0 -> -11)
A: no striking features
a: no special abilities


You were on level 2 of the Dungeon.
You visited 1 branch of the dungeon, and saw 2 of its levels.

You collected 61 gold pieces.


   Skills:
 - Level 1.5 Fighting
 + Level 6.6 Ranged Weapons
 - Level 2.4 Dodging
 - Level 1.2 Stealth


You had 2 spell levels left.
You didn't know any spells.
Your spell library was empty.

Inventory:

Hand Weapons
 a - a +0 shortbow (weapon)
Armour
 e - a +0 scale mail (worn)
 k - a +0 pair of gloves (worn)
Jewellery
 h - a ring of willpower (left hand)
Potions
 f - a potion of resistance
 g - a potion of mutation {unknown}
 l - a potion of curing {unknown}

Dungeon Overview and Level Annotations

Branches:
Dungeon (2/15)

Altars:


Message History

The adder is moderately wounded.
The adder bites you but does no damage. x2
You shoot an arrow. The arrow hits the adder.
The adder is severely wounded.
The adder bites you but does no damage.
You shoot an arrow. The arrow barely misses the adder.
The adder barely misses you. The adder closely misses you.
You shoot an arrow. The arrow completely misses the adder.
The adder closely misses you. The adder bites you but does no damage.
You shoot an arrow. The arrow completely misses the adder.
The adder closely misses you. The adder bites you but does no damage.
You shoot an arrow. The arrow hits the adder.
The adder is almost dead.
The adder bites you but does no damage.
You shoot an arrow.
The arrow hits the adder but does no damage.
The adder is almost dead.
The adder misses you. The adder bites you.
You shoot an arrow. The arrow closely misses the adder.
The adder barely misses you. The adder misses you.
You shoot an arrow.
The arrow hits the adder but does no damage.
The adder is almost dead.
The adder bites you.
You are poisoned.
The adder poisons you! The adder bites you.
You shoot an arrow. The arrow closely misses the adder.
You feel very sick. The adder bites you.
You are lethally poisoned!
The adder poisons you! The adder barely misses you.
You shoot an arrow. The arrow barely misses the adder.
You feel very sick. The adder bites you but does no damage.
You shoot an arrow. The arrow closely misses the adder.
You feel sick. The adder bites you but does no damage. The adder bites you.
You are more poisoned.
The adder poisons you!
You shoot an arrow. The arrow closely misses the adder.
You die...

#. #. .. ####.
......
###...###
......S.#+####
.....#@..>..#
........<....#
.............#
###.....#.####
##+#..#.#
#..#.# #..#.#
#..#.# ### .#


You could see an adder.

Vanquished Creatures
  An adder (D:1)
  A bat (D:1)
  2 endoplasms (D:1)
  2 giant cockroaches (D:1)
  A goblin (D:1)
  2 quokkas (D:1)
  4 ball pythons (D:1)
  2 frilled lizards (D:1)
  5 kobolds (D:1)
20 creatures vanquished.

Notes
Turn   | Place    | Note
-------+----------+-------------------------------------------
     0 | D:1      | qw the Deep Elf Hunter began the quest for the Orb.
     0 | D:1      | Reached XP level 1. HP: 12/12 MP: 3/3
     0 | D:1      | 0 ||| qw: Version: 0.3-a-155-g5e7d8dd
     0 | D:1      | 0 ||| qw: Game counter: 1383
     0 | D:1      | 0 ||| qw: Melee chars always use a shield: true
     0 | D:1      | 0 ||| qw: God list: Okawaru
     0 | D:1      | 0 ||| qw: Allow faded altars: false
     0 | D:1      | 0 ||| qw: Do Orc after clearing Dungeon:15 true
     0 | D:1      | 0 ||| qw: Do second Lair branch before Depths: true
     0 | D:1      | 0 ||| qw: Lair rune preference: random
     0 | D:1      | 0 ||| qw: Goals: Normal
     0 | D:1      | 0 ||| PLANNING D:1-11
    83 | D:1      | Found a faded altar of an unknown god.
    97 | D:1      | Reached skill level 6 in Ranged Weapons
    97 | D:1      | Reached XP level 2. HP: 16/16 MP: 4/4
   626 | D:1      | 626 ||| UPGRADING to +0 scale mail.
   636 | D:1      | 636 ||| DROPPING +0 leather armour.
   637 | D:1      | 637 ||| UPGRADING to +0 pair of gloves.
   642 | D:1      | 642 ||| UPGRADING to ring of willpower.
   643 | D:1      | 643 ||| READING scroll labelled WOFRIFI KUUMANK.
   674 | D:1      | 674 ||| READING scroll labelled TAUSIO ROZXOD.
   775 | D:1      | 775 ||| READING scroll labelled ARREOS UTEJ.
   775 | D:1      | 775 ||| IDENTIFYING metallic dark potion
   776 | D:1      | 776 ||| DROPPING scroll of butterflies.
   783 | D:2      | 783 ||| STAIRDANCE
   791 | D:1      | Reached XP level 3. HP: 19/20 MP: 5/5
   810 | D:2      | HP: 4/20 [poisoned by an adder]
   811 | D:2      | Succumbed to an adder's poison

Levels and vault maps discovered:
D:1:      lightli_arrival_lavapool, layout_basic,
          shapermc_ecumenical_altar_venn, hex_tiny,
          chequers_serial_rivers_large_a
D:2:      minmay_spotlight, layout_basic, basic_altar, uniq_natasha

Skill      XL: |  1 |
---------------+----+-----
Ranged Weapons | 6 |  6.6
Fighting       | |  1.5
Dodging        | |  2.4
Stealth        | |  1.2

Action                     || total
---------------------------++-------
   Fire: Shortbow          ||    73
    Use: Scroll            ||     3
 Armour: Leather armour    ||     4
         Scale mail        ||    25
  Dodge: Dodged            ||    18

Table legend:
 A = Non-vault XP
 B = Vault XP
 C = Vault XP percentage of total XP
 D = Non-vault monster count
 E = Vault monster count
 F = Vault count percentage of total count
                 A         B        C        D         E       F
            +---------+---------+-------+---------+---------+-------
      Total |      42 |       0 |   0.0 |      20 |       0 |   0.0
            +---------+---------+-------+---------+---------+-------
        D:1 |      42 |       0 |   0.0 |      20 |       0 |   0.0
            +---------+---------+-------+---------+---------+-------
